 Dungeon Crawl Stone Soup version 0.23.2-40-g277498a001 (webtiles) character file.

Game seed: 15673717729603142013

17495 Gildeon the Archer (level 12, -2/106 HPs)
             Began as a Minotaur Hunter on Oct 8, 2019.
             Was an Elder of Makhleb.
             Slain by a red ugly thing (23 damage)
             ... in a volcano on Oct 9, 2019.
             The game lasted 01:03:32 (12097 turns).

Gildeon the Archer (Minotaur Hunter)               Turns: 12097, Time: 01:03:32

Health: -2/106     AC: 20    Str: 18    XL:     12   Next: 19%
Magic:  0/23       EV: 21    Int: 17    God:    Makhleb [****..]
Gold:   452        SH:  0    Dex: 20    Spells: 12/16 levels left

rFire    . . .     SeeInvis .   b - +4 flail
rCold    . . .     Gourm    .   (no shield)
rNeg     . . .     Faith    .   c - +9 scale mail "Lahypevy" {Int+6}
rPois    .         Spirit   +   (helmet restricted)
rElec    .         Reflect  .   A - scarf {Spirit}
rCorr    .         Harm     .   g - +2 pair of gloves
MR       .....                  (no boots)
Stlth    ++........             u - amulet of guardian spirit
HPRegen  0.27/turn              s - +3 ring of intelligence
MPRegen  0.18/turn              H - ring of magical power

@: agile
A: retaliatory headbutt, horns 2
a: Minor Destruction, Lesser Servant of Makhleb, Major Destruction, Renounce
Religion


You were in a volcano.
You worshipped Makhleb.
Makhleb was greatly pleased with you.
You were not hungry.

You visited 3 branches of the dungeon, and saw 14 of its levels.
You also visited: Sewer and Volcano.

You collected 686 gold pieces.
You spent 234 gold pieces at shops.

Inventory:

Hand Weapons
 a - a +1 longbow of velocity
 b - a +4 flail (weapon)
Missiles
 D - 9 arrows
Armour
 c - the +9 scale mail "Lahypevy" (worn) {Int+6}
   (You bought it in a shop on level 7 of the Dungeon)

   It affects your intelligence (+6).
 g - a +2 pair of gloves (worn)
 A - a scarf of spirit shield (worn)
Jewellery
 s - a +3 ring of intelligence (left hand)
 u - an amulet of guardian spirit (around neck)
 G - an uncursed ring of ice
 H - a ring of magical power (right hand)
 J - an uncursed ring of flight
Wands
 o - a wand of iceblast (9)
 v - a wand of polymorph (9)
 x - a wand of random effects (16)
 B - a wand of disintegration (12)
Scrolls
 j - 2 scrolls of enchant armour
 l - a scroll of teleportation
 p - 2 scrolls of remove curse
 w - 2 scrolls of blinking
 y - 2 scrolls of fog
 F - a scroll of amnesia
Potions
 e - 2 potions of magic
 h - 5 potions of flight
 i - a potion of heal wounds
 k - 7 potions of brilliance
 m - a potion of invisibility {unknown}
 n - 4 potions of agility
 q - 4 potions of might
 r - 5 potions of haste
 t - 8 potions of curing
 z - 2 potions of ambrosia
 E - 2 potions of mutation
 K - 3 potions of lignification {unknown}
Comestibles
 f - 26 rations


   Skills:
 - Level 10.0 Fighting
 + Level 8.6 Maces & Flails
 - Level 10.2 Bows
 + Level 8.8 Armour
 + Level 8.4 Dodging
 - Level 0.7 Stealth
 - Level 2.6 Spellcasting
 - Level 5.0 Translocations
 + Level 4.0 Invocations
 - Level 5.0 Evocations


You had 12 spell levels left.
You knew the following spells:

 Your Spells              Type           Power        Failure   Level  Hunger
a - Blink                 Tloc           N/A          10%         2    ##.....
b - Call Imp              Summ           #.......     58%         2    ##.....

Your spell library contained the following spells:

 Spells                   Type           Power        Failure   Level  Hunger
 Gell's Gravitas          Tloc           ###.......   19%         3    ###....
 Confusing Touch          Hex            #.....       45%         1    #......
 Flame Tongue             Conj/Fire      #....        45%         1    #......
 Magic Dart               Conj           #...         45%         1    #......
 Slow                     Hex            #.......     58%         2    ##.....
 Throw Flame              Conj/Fire      #.....       58%         2    ##.....
 Confuse                  Hex            #.......     83%         3    ###....
 Conjure Flame            Conj/Fire      #.......     83%         3    ###....
 Inner Flame              Hex/Fire       #.......     83%         3    ###....
 Mephitic Cloud           Conj/Pois/Air  #.......     83%         3    ###....
 Petrify                  Tmut/Erth      #.......     99%         4    #####..
 Sticky Flame             Conj/Fire      #.......     99%         4    #####..
 Fireball                 Conj/Fire      #.........   100%        5    ######.
 Metabolic Englaciation   Hex/Ice        #.........   100%        5    ######.
 Yara's Violent Unravell  Hex/Tmut       #.........   100%        5    ######.


Dungeon Overview and Level Annotations

Branches:
Dungeon (11/15)            Temple (1/1) D:5            Lair (2/6) D:11
  Swamp: Lair:2-4    Shoals: Lair:2-4     Snake: Lair:2-4    Spider: Lair:2-4
    Orc: D:9-12

Altars:
Ashenzari
Cheibriados
Dithmenos
Elyvilon
Fedhas
Gozag
Hepliaklqana
Kikubaaqudgha
Makhleb
Nemelex Xobeh
Okawaru
Qazlal
Ru
Sif Muna
Trog
Uskayaw
Vehumet
Wu Jian
Xom
Yredelemnul
Zin
The Shining One
Jiyva

Shops:
D:7 [   D:11 [

Annotations:
D:4 Sigmund


Innate Abilities, Weirdness & Mutations

You reflexively headbutt those who attack you in melee.
You have a pair of horns on your head.


Message History

b - a +4 flail (weapon)
You sock the red ugly thing! You headbutt the red ugly thing.
The red ugly thing is moderately wounded.
The red ugly thing completely misses you.
You furiously retaliate!
You headbutt the red ugly thing!
You hit the red ugly thing but do no damage.
You headbutt the red ugly thing.
The red ugly thing is heavily wounded.
The red ugly thing kicks you but does no damage.
You hit the red ugly thing.
Your headbutt misses the red ugly thing.
The red ugly thing is severely wounded.
The red ugly thing barely misses you. You furiously retaliate!
You headbutt the red ugly thing. You sock the red ugly thing!
You headbutt the red ugly thing.
The red ugly thing is almost dead.
The red ugly thing kicks you!
* * * LOW HITPOINT WARNING * * *
You are engulfed in flames!!
You die...

§§.....#.## ###
≈§≈§....###
≈§§§≈≈....##
§≈≈§≈§§....# °
≈≈≈≈§§....## ≈§
≈≈§≈§≈§....# §§§
§≈§≈§§...### §!§§
§≈≈.§§.....#####∩$[§)
§.......###@u#.(u4.$#
##...#.## ###.)#
###.## #### #


You could see a red ugly thing.

Vanquished Creatures
  A two-headed ogre (D:10)
  An ugly thing (D:9)
  An orc sorcerer (Volcano)
  Psyche (D:11)
  A black mamba (Lair:1)
  A spiny frog (Lair:2)
  A centaur skeleton (D:11)
  2 kobold demonologists (D:11)
  2 komodo dragons
  2 rime drakes (Lair:1)
  A troll (D:11)
  3 hippogriffs
  A slime creature (D:11)
  A wraith (D:10)
  3 basilisks
  23 yaks
  2 wyverns
  A steam dragon (D:10)
  3 vampire mosquitoes (D:10)
  3 water moccasins
  3 porcupines (D:11)
  5 orc warriors
  An eye of draining (D:9)
  5 black bears
  3 ice beasts
  3 phantoms
  2 sky beasts
  A necrophage (D:7)
  9 ogres
  2 centaurs (D:9)
  4 crocodiles (D:11)
  7 bullfrogs
  5 big kobolds
  2 wyvern zombies
  3 scorpions
  4 killer bees (D:10)
  10 wights
  A howler monkey (D:10)
  4 crimson imps
  A centaur zombie (D:7)
  3 hounds
  8 jellies
  2 bullfrog skeletons
  6 orc priests
  13 orc wizards
  4 iguanas
  5 worker ants
  2 killer bee zombies
  A hound zombie (D:11)
  3 hound skeletons
  2 worker ant zombies
  2 howler monkey zombies
  4 gnolls (D:5)
  9 adders
  2 oozes
  6 worms
  2 dart slugs
  4 leopard geckos
  45 orcs
  2 giant cockroaches
  7 goblins
  7 hobgoblins
  14 jackals
  19 kobolds
  2 quokkas
  7 ball pythons
  10 bats
  5 frilled lizards
  A jackal zombie (D:5)
  13 rats
  A plant (Sewer)
340 creatures vanquished.

Vanquished Creatures (collateral kills)
  A hydra (Lair:1)
  A yak (Lair:1)
  A porcupine (Lair:1)
3 creatures vanquished.

Vanquished Creatures (others)
  A quokka (D:4)
  2 bushes (D:11)
  6 fungi (D:11)
  18 plants
27 creatures vanquished.

Grand Total: 370 creatures vanquished

Notes
Turn   | Place    | Note
-------+----------+-------------------------------------------
     0 | D:1      | Gildeon the Minotaur Hunter began the quest for the Orb.
     0 | D:1      | Reached XP level 1. HP: 18/18 MP: 0/0
   140 | D:1      | Reached XP level 2. HP: 25/25 MP: 1/1
   419 | D:1      | You fall through a shaft!
   514 | D:2      | Reached XP level 3. HP: 31/31 MP: 2/2
   539 | D:2      | Found a stormy altar of Qazlal.
  1385 | D:2      | Reached skill level 5 in Bows
  1496 | D:3      | Reached XP level 4. HP: 39/39 MP: 3/3
  2019 | D:3      | Reached skill level 1 in Maces & Flails
  2681 | D:4      | Reached XP level 5. HP: 28/46 MP: 4/4
  3001 | D:4      | Reached XP level 6. HP: 50/55 MP: 5/5
  3049 | D:4      | Found a glowing drain.
  3075 | Sewer    | Entered a sewer
  3205 | Sewer    | Reached skill level 5 in Fighting
  3371 | Sewer    | Reached skill level 1 in Armour
  3451 | Sewer    | Reached skill level 5 in Dodging
  3475 | D:4      | Found a white marble altar of Elyvilon.
  3480 | D:4      | Reached XP level 7. HP: 61/61 MP: 6/6
  3642 | D:4      | Noticed Sigmund
  3718 | D:5      | Entered Level 5 of the Dungeon
  3840 | D:5      | Found a staircase to the Ecumenical Temple.
  3920 | Temple   | Entered the Ecumenical Temple
  3928 | Temple   | Became a worshipper of Makhleb the Destroyer
  4175 | D:5      | Reached skill level 5 in Maces & Flails
  4184 | D:5      | Reached skill level 1 in Evocations
  4439 | D:5      | Got a spiked leather armour
  4533 | D:5      | Got a shimmering spear
  4693 | D:5      | Reached XP level 8. HP: 66/68 MP: 8/8
  4742 | D:6      | Found a radiant altar of Vehumet.
  5080 | D:6      | Reached skill level 5 in Armour
  5664 | D:7      | Reached * piety under Makhleb
  5753 | D:7      | Found a shimmering altar of Xom.
  5754 | D:7      | Found a shadowy altar of Dithmenos.
  5754 | D:7      | Found a glowing silver altar of Zin.
  5755 | D:7      | Found a sparkling altar of Nemelex Xobeh.
  6037 | D:7      | Reached XP level 9. HP: 78/78 MP: 11/11
  6041 | D:7      | Learned a level 2 spell: Blink
  6310 | D:7      | Found Codaum's Antique Armour Shop.
  6367 | D:7      | Bought a dazzling scale mail for 234 gold pieces
  6377 | D:7      | Identified the +3 leather armour "Qeetaufeto" {Slay+5} (You
                  | found it on level 5 of the Dungeon)
  6387 | D:7      | Identified the +9 scale mail "Lahypevy" {Int+6} (You bought
                  | it in a shop on level 7 of the Dungeon)
  6736 | D:8      | Reached ** piety under Makhleb
  6754 | D:8      | Reached skill level 5 in Evocations
  6863 | D:8      | Reached skill level 1 in Translocations
  6957 | D:7      | Reached skill level 1 in Spellcasting
  7215 | D:8      | Found an iron altar of Okawaru.
  7385 | D:8      | Reached XP level 10. HP: 90/90 MP: 12/12
  7451 | D:9      | Found a bloodstained altar of Trog.
  7535 | D:9      | Found a blossoming altar of Fedhas.
  7897 | D:9      | Reached *** piety under Makhleb
  8040 | D:9      | Noticed a green ugly thing
  8087 | D:9      | Killed a green ugly thing
  8087 | D:9      | Reached skill level 1 in Invocations
  8297 | D:10     | Entered Level 10 of the Dungeon
  8302 | D:10     | Identified a scroll of acquirement
  8501 | D:10     | Noticed a two-headed ogre
  8514 | D:10     | Killed a two-headed ogre
  8514 | D:10     | Reached skill level 10 in Bows
  8594 | D:10     | Reached skill level 10 in Fighting
  8727 | D:10     | Identified the +5 spear of Certain Death {protect, rF++}
                  | (You found it on level 5 of the Dungeon)
  9328 | D:11     | Noticed a phantasmal warrior
  9328 | D:11     | Noticed a death knight
  9328 | D:11     | Noticed a skeletal warrior
  9413 | D:11     | Reached XP level 11. HP: 99/99 MP: 13/13
  9433 | D:11     | Reached **** piety under Makhleb
  9485 | D:11     | Found a viscous altar of Jiyva.
  9499 | D:11     | Noticed a sun demon
 10064 | D:11     | Found a staircase to the Lair.
 10128 | D:11     | Noticed Psyche
 10151 | D:11     | Killed Psyche
 10423 | D:10     | Learned a level 2 spell: Call Imp
 10649 | D:11     | Found Banezocs's Antique Armour Shoppe.
 10926 | Lair:1   | Entered Level 1 of the Lair of Beasts
 11121 | Lair:1   | Reached ***** piety under Makhleb
 11283 | Lair:1   | Reached XP level 12. HP: 104/106 MP: 14/14
 11533 | Lair:1   | Noticed a five-headed hydra
 11538 | Lair:1   | Killed a five-headed hydra
 11996 | Lair:2   | Reached skill level 5 in Translocations
 12033 | Lair:2   | Found a dark tunnel.
 12046 | Volcano  | Entered a volcano
 12070 | Volcano  | Paralysed by an orc sorcerer for 5 turns
 12086 | Volcano  | HP: 5/106 [sixfirhy[an orc sorcerer] (8)]
 12097 | Volcano  | Slain by a red ugly thing

Skill      XL: |  1  2  3  4  5  6  7  8  9 10 11 12 |
---------------+-------------------------------------+-----
Fighting       | 3 4 5 6 8 10 | 10.0
Dodging        | 3 4 5 8 |  8.4
Bows           | 5 6 7 9 10 | 10.2
Maces & Flails | 1 2 4 5 8 |  8.6
Armour         | 2 4 5 8 |  8.8
Evocations     | 1 4 5 |  5.0
Translocations | 2 4 5 |  5.0
Spellcasting   | 1 2 |  2.6
Invocations    | 3 4 |  4.0
Stealth        | |  0.7

Action                   |  1- 3 |  4- 6 |  7- 9 | 10-12 || total
-------------------------+-------+-------+-------+-------++-------
Melee: Club              |       |    44 |       |       ||    44
       Headbutt          |       |    12 |    25 |    23 ||    60
       Flail             |       |       |   117 |    96 ||   213
 Fire: Shortbow          |   120 |   236 |   330 |    66 ||   752
       Longbow           |       |       |       |   370 ||   370
 Cast: Blink             |       |       |       |     1 ||     1
Invok: Lesser Servant of |       |       |       |     3 ||     3
       Minor Destruction |       |       |       |     2 ||     2
  Use: Scroll            |     4 |     5 |     7 |    11 ||    27
       Potion            |       |       |       |     4 ||     4
  Eat: Chunk             |     2 |     6 |    12 |    11 ||    31
       Ration            |       |       |       |     1 ||     1
Armor: Leather armour    |     4 |     4 |       |       ||     8
       Scale mail        |     5 |       |    80 |   168 ||   253
       Chain mail        |       |    80 |    85 |       ||   165
Dodge: Dodged            |    32 |    52 |   142 |   247 ||   473
